Map: Ulrena

Players

PiLiPiLi

  • Race: Protoss Protoss
  • League: Grandmaster

puCK (Nina) - Winner!

  • Race: Protoss Protoss
  • League: Grandmaster

VOD

Have the link to the VOD?

Description

Time

  • Played on: May 22, 2016, 1:25 a.m.
  • Length: 6:12
Show
View Real Time Build Order
Export as new Build Order

PiLiPiLi Protoss 

Build Orders:  

Get SALT Encoding   

  12  0:01  Probe (Chrono Boost)  
  13  0:11  Probe (Chrono Boost)  
  14  0:19  Pylon  
  14  0:22  Probe (Chrono Boost)  
  15  0:37  Probe (Chrono Boost), Gateway  
  16  0:43  Assimilator  
  16  0:47  Probe (Chrono Boost)  
  17  0:52  Assimilator  
  17  0:58  Probe (Chrono Boost)  
  18  1:05  Gateway  
  18  1:08  Probe (Chrono Boost)  
  19  1:19  Probe (Chrono Boost)  
  19  1:24  Cybernetics Core  
  20  1:34  Probe (Chrono Boost)  
  21  1:41  Pylon  
  21  1:45  Probe (Chrono Boost)  
  23  2:02  Mothership Core (Chrono Boost)  
  23  2:06  Adept  
  23  2:07  Adept  
  27  2:13  Warp Gate (Chrono Boost)  
  27  2:21  Pylon  
  27  2:24  Pylon  
  27  2:31  Pylon  
  27  2:37  Pylon  
  27  2:39  Pylon  
  27  2:47  Pylon  
  27  2:51  Stalker, Pylon  
  27  2:56  Pylon  
  28  3:05  Probe  
  25  3:16  Stalker  
  25  3:18  Mothership Core  
  27  3:27  Stalker  
  29  3:46  Stalker (Chrono Boost)  
  31  3:59  Probe  
  32  4:12  Probe  
  33  4:22  Stalker  
  33  4:28  Probe, Pylon  
  34  4:40  Pylon  
  34  4:46  Stalker x2  
  34  4:49  Gateway  
  38  4:58  Probe  
  38  4:59  Gateway  
  39  5:11  Stalker x2  
  31  5:39  Pylon  
  30  5:58  Stalker x2  
  30  5:59  Stalker  
  30  6:04  Stalker  
Show
View Real Time Build Order
Export as new Build Order

puCK Protoss - Winner!

Build Orders:  

Get SALT Encoding   

  12  0:01  Probe (Chrono Boost)  
  13  0:12  Probe (Chrono Boost)  
  14  0:19  Pylon  
  14  0:22  Probe (Chrono Boost)  
  15  0:37  Probe (Chrono Boost)  
  15  0:39  Gateway  
  16  0:47  Probe (Chrono Boost)  
  16  0:48  Assimilator  
  17  0:54  Assimilator  
  17  0:58  Probe (Chrono Boost)  
  18  1:08  Probe (Chrono Boost)  
  18  1:11  Gateway  
  19  1:19  Probe (Chrono Boost)  
  19  1:25  Pylon  
  20  1:29  Probe (Chrono Boost)  
  21  1:33  Cybernetics Core  
  21  1:44  Probe (Chrono Boost), Pylon  
  22  1:55  Probe (Chrono Boost)  
  23  2:09  Adept x2  
  23  2:11  Warp Gate (Chrono Boost)  
  27  2:18  Mothership Core  
  29  2:36  Adept (Chrono Boost)  
  31  2:55  Pylon  
  30  3:13  Stalker (Chrono Boost)  
  30  3:15  Probe  
  33  3:27  Probe  
  32  3:34  Robotics Facility  
  32  3:38  Gateway  
  32  3:39  Probe  
  33  3:51  Probe  
  30  4:03  Probe  
  30  4:08  Nexus  
  29  4:15  Pylon  
  29  4:16  Probe  
  30  4:22  Stalker  
  32  4:24  Observer  
  33  4:33  Stalker  
  35  4:43  Pylon  
  35  4:54  Stalker x2  
  39  5:03  Stalker  
  41  5:07  Pylon  
  41  5:19  Stalker  
  39  5:28  Stalker  
  39  5:44  Stalker x2  
Tags
 
Add a new tag
Caveats
  • Supply blocks, unpowered buildings, or Contaminate may cause inaccurate times.
  • Supply counts are checked every 10 seconds.